 Dungeon Crawl Stone Soup version 0.19.0-11-g3fc08b3 (webtiles) character file.

532 mistymad the Ruffian (level 7, -1/57 HPs)
             Began as a Naga Transmuter on Nov 8, 2016.
             Slain by a centaur skeleton (7 damage)
             ... on level 4 of the Dungeon.
             The game lasted 00:06:36 (3451 turns).

mistymad the Ruffian (Naga Transmuter)              Turns: 3451, Time: 00:06:36

Health: -1/57      AC:  2    Str: 13    XL:     7   Next: 24%
Magic:  10/13      EV: 19    Int: 15    God:
Gold:   162        SH:  0    Dex: 16    Spells: 3 memorised, 8 levels left

rFire  . . .     SeeInvis +       - Unarmed
rCold  . . .     Gourm    .     (armour currently unavailable)
rNeg   . . .     Faith    .     (shield currently unavailable)
rPois  x         Spirit   .     (helmet currently unavailable)
rElec  .         Reflect  .     (cloak currently unavailable)
rCorr  .         Harm     .     (gloves currently unavailable)
MR     .....                    (no barding)
Stlth  +.........               (no amulet)
                                (no ring)
                                (no ring)

@: lethally poisoned (-1 -> -2), spider-form
A: see invisible, (deformed body), (poison resistance), (slowness 0), slow
metabolism 1, spit poison 1, AC +2
a: Spit Poison, End Transformation


You were on level 4 of the Dungeon.
You were not hungry.
You were a venomous arachnid creature.
You visited 1 branch of the dungeon, and saw 4 of its levels.

You collected 162 gold pieces.

Inventory:

Missiles
 a - 102 arrows
Armour
 b - a +0 robe (melded)
 h - a +2 helmet (melded)
 n - a +0 cloak (melded)
Jewellery
 r - a +6 ring of intelligence {unknown}
Scrolls
 f - 2 scrolls of enchant weapon {unknown}
 g - 4 scrolls of amnesia {unknown}
 i - 3 scrolls of identify {unknown}
 o - a scroll of enchant armour {unknown}
 p - 2 scrolls of fear {unknown}
 s - 2 scrolls of remove curse {unknown}
 u - a scroll of random uselessness {unknown}
 w - a scroll of teleportation {unknown}
Potions
 e - 2 potions of mutation {unknown}
 j - a potion of resistance {unknown}
 k - a potion of degeneration {unknown}
 l - a potion of curing {unknown}
 m - a potion of berserk rage {unknown}
 q - a potion of cancellation {unknown}
 t - a potion of magic {unknown}
Books
 c - a book of Changes

   Spells                             Type                      Level
   a - Beastly Appendage              Transmutation                1
   b - Sticks to Snakes               Transmutation                2
   c - Spider Form                    Transmutation/Poison         3
   d - Ice Form                       Ice/Transmutation            4
   e - Blade Hands                    Transmutation                5
Comestibles
 d - 4 bread rations
 v - 7 chunks of flesh


   Skills:
 - Level 1.0 Fighting
 - Level 1.5 Dodging
 + Level 5.1 Unarmed Combat
 + Level 4.2 Spellcasting
 + Level 4.8 Transmutations


You had 8 spell levels left.
You knew the following spells:

 Your Spells              Type           Power        Failure   Level  Hunger
a - Beastly Appendage     Tmut           ###...       10%         1    None
b - Sticks to Snakes      Tmut           ###.....     14%         2    ##.....
c - Spider Form           Tmut/Pois      ##........   41%         3    ###....


Dungeon Overview and Level Annotations

Branches:
Dungeon (4/15)
 Temple: D:4-7

Altars:
Ashenzari
Gozag
Okawaru
Qazlal


Innate Abilities, Weirdness & Mutations

You cannot wear boots.
((Your serpentine skin is tough. (AC +2)))
You have supernaturally acute eyesight. (SInv)
((Armour fits poorly on your strangely shaped body.))
((Your system is resistant to poisons. (rPois)))
((You cover ground very slowly.))
You have a slow metabolism.
You can spit poison.


Message History

You take 1 damage, and have 6/57 hp.
A centaur skeleton is nearby!
A centaur skeleton is nearby!
Unknown command.
Your transformation has ended.
Your +0 cloak unmelds from your body.
Your +2 helmet unmelds from your body.
Your +0 robe unmelds from your body.
You feel sick.
MP restored: 13
Casting: Spider Form
Confirm with . or Enter, or press ? or * to list all spells.
You turn into a venomous arachnid creature.
Your +0 cloak melds into your body.
Your +2 helmet melds into your body.
Your +0 robe melds into your body.
The centaur skeleton misses you.
You now have 10/13 mp.
Unknown command.
You bite the centaur skeleton!
The centaur skeleton is moderately damaged.
The centaur skeleton hits you!
You die...

............##.........
#..........##.........
##...#.....##........#
#..##.............#.#
#...............##.#.#
#.####........#.##.#.# #
##........#.##.#..
#......#..........
#s#...)...##..#.#.
####Z#....>...##.....
#.)))#..........##...
#.....####.#......)......
#..#.# ..#......#).....
#.... ###......#.##...
... ##............ #...
##.###....#.. .... #.
#..#..#..


You could see a centaur skeleton.

Vanquished Creatures
  A sky beast (D:3)
  A scorpion (D:4)
  An orc wizard (D:4)
  A gnoll shaman (D:4)
  A hound (D:4)
  Jessica (D:3)
  3 worker ants (D:4)
  8 gnolls (D:4)
  4 adders
  An adder skeleton (D:4)
  7 dart slugs
  3 leopard geckos
  4 orcs
  2 giant cockroaches
  10 goblins
  10 hobgoblins
  6 jackals
  A quokka (D:4)
  A bat (D:2)
  4 frilled lizards
  A giant cockroach zombie (D:4)
  A jackal zombie (D:4)
  5 kobolds
  A quokka skeleton (D:4)
  8 rats
86 creatures vanquished.

Notes
Turn   | Place    | Note
-------+----------+-------------------------------------------
     0 | D:1      | mistymad the Naga Transmuter began the quest for the Orb.
     0 | D:1      | Reached XP level 1. HP: 18/18 MP: 3/3
   238 | D:1      | Reached XP level 2. HP: 23/25 MP: 5/5
   575 | D:1      | Learned a level 2 spell: Sticks to Snakes
   630 | D:1      | Found a shattered altar of Ashenzari.
   831 | D:1      | Reached XP level 3. HP: 31/31 MP: 6/6
  1029 | D:2      | Learned a level 3 spell: Spider Form
  1204 | D:2      | Found an opulent altar of Gozag.
  1457 | D:2      | Found an iron altar of Okawaru.
  1459 | D:2      | Reached XP level 4. HP: 37/38 MP: 1/8
  1798 | D:3      | Noticed Jessica
  1805 | D:3      | Killed Jessica
  1889 | D:3      | Reached XP level 5. HP: 36/44 MP: 2/9
  1896 | D:3      | Noticed a sky beast
  1917 | D:3      | Killed a sky beast
  1917 | D:3      | Reached skill level 4 in Unarmed Combat
  2276 | D:3      | Found a stormy altar of Qazlal.
  2277 | D:3      | Found a faded altar of an unknown god.
  2658 | D:4      | Reached XP level 6. HP: 42/51 MP: 5/11
  3372 | D:4      | Reached XP level 7. HP: 50/57 MP: 9/13
  3375 | D:4      | Reached skill level 5 in Unarmed Combat
  3451 | D:4      | Slain by a centaur skeleton

Skill      XL: |  1  2  3  4  5  6  7 |
---------------+----------------------+-----
Transmutations | 3 4 |  4.8
Spellcasting   | 3 4 |  4.2
Unarmed Combat | 4 5 |  5.1
Fighting       | |  1.0
Dodging        | |  1.5

Action                   |  1- 3 |  4- 6 |  7- 9 || total
-------------------------+-------+-------+-------++-------
Melee: Unarmed           |   108 |   192 |    29 ||   329
       Punch             |     2 |     2 |       ||     4
 Cast: Spider Form       |     3 |    12 |     3 ||    18
 Abil: Spit Poison       |    11 |     6 |     1 ||    18
 Stab: Sleeping          |     1 |     1 |       ||     2
       Distracted        |       |     2 |       ||     2
  Eat: Chunk             |     2 |     4 |       ||     6
       Meat ration       |       |     1 |       ||     1
Armor: Robe              |    24 |    39 |     1 ||    64
       Skin              |       |     5 |     1 ||     6
Dodge: Dodged            |    57 |   177 |    22 ||   256
